AoeStats
← 恆浪蕩

Pilgrims

508266709Analyzed
4v4 RM · 9d ago on Sep 21, 2026· 60m 27s· 8 players
Game mode
Random Map
Map size
Large (8 player)
Population
200
Speed
Normal
Resources
Standard
Victory
Conquest
Starting age
Dark Age
Ending age
Imperial Age
RankedLock teamsTeams togetherTeam positionsShared explorationLock speedFull tech treeHidden civsTurbo modeCheats
Victory
Defeat
🇦🇷 Persians · Argentina
1671
+12
🇭🇰 Lithuanians · Hong Kong SAR China
1598
+15
🇹🇼 Celts · Taiwan
1586
+15
🇹🇼 Spanish · Taiwan
1583
+15
🇹🇼 Malay · Taiwan
1594
-15
🇹🇼 Persians · Taiwan
1588
-16
1572
-14
🇹🇼 Byzantines · Taiwan
1520
-12
默默默默默
6:58 Loom
12:05 Feudal Age
16:10 Castle Age
20:16 Double-Bit Axe
28:09 Town Watch
32:01 Padded Archer Armor
32:47 Wheelbarrow
34:07 Hand Cart
33:42 Horse Collar
34:59 Heavy Plow
35:46 Bow Saw
39:37 Imperial Age
37:59 Scale Barding Armor
38:04 Forging
39:05 Chain Barding Armor
40:05 Iron Casting
39:40 Gold Mining
39:41 Stone Mining
40:34 Conscription
40:23 Cavalier
41:03 Husbandry
41:15 Bloodlines
41:53 Plate Barding Armor
41:20 Husbandry
42:37 Gold Shaft Mining
42:12 Savar
44:20 Iron Casting
44:41 Devotion
45:08 Elite War Elephant
46:50 Blast Furnace
46:30 Coinage
47:24 Two-Man Saw
46:57 Crop Rotation
48:46 Faith
49:01 Ballistics
48:52 Masonry
48:34 Fletching
49:50 Hoardings
49:23 Light Cavalry
50:47 Hussar
56:20 Architecture
57:04 Banking
58:13 Caravan
羅鈸棒
3:39 Loom
17:07 Feudal Age
17:42 Double-Bit Axe
22:13 Horse Collar
27:06 Castle Age
25:41 Stone Mining
26:36 Gold Mining
28:55 Bow Saw
28:47 Heavy Plow
30:36 Wheelbarrow
30:17 Town Watch
31:57 Husbandry
32:42 Bloodlines
36:50 Hand Cart
39:38 Light Cavalry
45:01 Imperial Age
44:06 Scale Barding Armor
44:11 Forging
45:14 Hussar
46:16 Chain Barding Armor
46:31 Iron Casting
47:19 Conscription
47:41 Plate Barding Armor
49:06 Devotion
51:25 Two-Man Saw
50:41 Padded Archer Armor
52:59 Leather Archer Armor
53:26 Iron Casting
58:50 Elite Conquistador
Sean
4:22 Loom
12:27 Feudal Age
17:33 Castle Age
18:23 Fletching
18:30 Town Watch
25:53 Double-Bit Axe
25:49 Horse Collar
38:01 Gold Mining
39:23 Town Patrol
42:19 Imperial Age
43:26 Scale Barding Armor
45:59 Chain Barding Armor
47:28 Wheelbarrow
48:27 Conscription
49:08 Bloodlines
49:14 Heavy Plow
49:24 Bow Saw
51:48 Stone Mining
52:40 Plate Barding Armor
52:45 Elite Leitis
53:38 Forging
54:52 Two-Man Saw
54:22 Crop Rotation
58:25 Iron Casting
57:45 Bodkin Arrow
恆浪蕩
6:45 Loom
10:09 Feudal Age
10:57 Gold Mining
12:35 Double-Bit Axe
13:05 Fletching
14:41 Fishing Lines
18:37 Castle Age
21:29 Bow Saw
22:02 Wheelbarrow
23:11 Gold Shaft Mining
23:46 Horse Collar
33:27 Hand Cart
38:19 Imperial Age
36:30 Scale Mail Armor
36:41 Forging
36:35 Pikeman
40:03 Halberdier
49:17 Chain Mail Armor
50:21 Heavy Plow
52:30 Bodkin Arrow
53:11 Plate Mail Armor
53:31 Conscription
54:18 Iron Casting
53:29 Arson
55:18 Town Watch
57:27 Blast Furnace
59:04 Guard Tower
59:01 Treadmill Crane
59:07 Arrowslits
60:23 Chemistry
59:45 Ballistics
60:10 Caravan
Old_two
6:02 Loom
21:31 Feudal Age
23:56 Fishing Lines
31:01 Castle Age
31:54 Gillnets
37:52 Wheelbarrow
39:17 Horse Collar
42:26 Pikeman
47:06 Hand Cart
46:58 Double-Bit Axe
50:35 Bow Saw
53:53 Hand Cart
55:09 Caravan
再吵去東湖框你媽出場
2:54 Loom
10:55 Feudal Age
12:15 Double-Bit Axe
14:48 Castle Age
15:15 Fletching
16:20 Bodkin Arrow
17:32 Gold Mining
23:00 Horse Collar
26:25 Scale Mail Armor
29:01 Chain Mail Armor
31:52 Stone Mining
32:33 Heavy Plow
33:57 Wheelbarrow
33:07 Town Watch
33:55 Yasama
35:06 Ballistics
35:48 Hand Cart
36:20 Guard Tower
36:11 Treadmill Crane
38:47 Forging
42:06 Imperial Age
41:28 Padded Archer Armor
41:40 Masonry
41:28 Murder Holes
42:55 Thumb Ring
42:26 Pikeman
42:44 Heavy Cavalry Archer
43:49 Parthian Tactics
43:59 Caravan
45:30 Squires
46:34 Halberdier
48:05 Gold Shaft Mining
48:08 Iron Casting
48:17 Keep
50:13 Arson
51:43 Blast Furnace
50:44 Bracer
50:32 Arrowslits
52:02 Bloodlines
51:53 Husbandry
54:05 Kataparuto
54:05 Conscription
54:19 Plate Mail Armor
54:04 Leather Archer Armor
57:04 Ring Archer Armor
BøM_antihack.exe
7:17 Loom
12:37 Feudal Age
13:49 Double-Bit Axe
19:51 Castle Age
20:50 Medium Warships
26:00 Imperial Age
25:02 Clinker Construction
25:03 Siphons
25:46 Bow Saw
27:58 Chemistry
27:40 Careening
28:12 Fishing Lines
31:47 Caravan
34:50 Block Printing
37:43 Sanctity
39:40 Theocracy
39:33 Illumination
41:34 Coinage
42:15 Scale Barding Armor
43:52 Heavy Camel Rider
44:33 Husbandry
45:39 Chain Barding Armor
45:29 Forging
55:02 Plate Barding Armor
55:52 Iron Casting
55:14 Gillnets
BøM_Sheuu
7:12 Loom
9:45 Feudal Age
9:04 Man-at-Arms
14:24 Double-Bit Axe
16:15 Fishing Lines
18:18 Wheelbarrow
34:55 Castle Age
34:51 Bow Saw
45:33 Gillnets
54:31 Hand Cart
55:23 Caravan
58:18 Horse Collar
62:57 Imperial Age
Connection lost

Rejoining the realm…

Still unreachable

The connection could not be restored.

Session expired

The server has moved on; the page needs a fresh start.